 Dungeon Crawl Stone Soup version 0.21-a0-200-gb89f83b (webtiles) character file.

25495 4thArraOfDagon the Schismatic (level 12, -4/93 HPs)
             Began as a Demonspawn Abyssal Knight on Aug 16, 2017.
             Was an Elder of Lugonu.
             Slain by a dream sheep (20 damage)
             ... on level 6 of the Lair of Beasts.
             The game lasted 00:43:28 (10905 turns).

4thArraOfDagon the Schismatic (DsAK)               Turns: 10905, Time: 00:43:29

Health: -4/93      AC:  0    Str: 15    XL:     12   Next: 90%
Magic:  22/22      EV: 17    Int: 18    God:    Lugonu [****..]
Gold:   586        SH:  0    Dex: 13    Spells: 8/13 levels left

rFire    + . .     SeeInvis .     - Unarmed
rCold    + + .     Gourm    .   (no shield)
rNeg     + . .     Faith    +   Y - +0 troll leather armour
rPois    +         Spirit   .   (helmet restricted)
rElec    .         Reflect  .   j - scarf {rC+ rF+}
rCorr    .         Harm     .   E - +2 pair of gloves
MR       +....                  (no boots)
Stlth    +.........             x - amulet of faith
HPRegen  0.65/turn              z - +2 ring of evasion
MPRegen  0.18/turn              N - ring of positive energy

@: sleeping, corroded
A: hooves 2, horns 1, blurry vision 1, cold resistance 1, foul stench 1, magic
resistance 1, poison resistance, powered by death 1, strong 1, rot immunity,
sturdy frame 1
a: Depart the Abyss, Bend Space, Banish, Corrupt, Renounce Religion


You were on level 6 of the Lair of Beasts.
You worshipped Lugonu.
Lugonu was greatly pleased with you.
You were full.

You visited 3 branches of the dungeon, and saw 21 of its levels.
You visited the Abyss 1 time.
You also visited: Ossuary and Volcano.

You collected 1515 gold pieces.
You spent 929 gold pieces at shops.

Inventory:

Hand Weapons
 S - a +0 blowgun
Missiles
 h - 6 exploding tomahawks (quivered)
 T - 8 curare-tipped needles
 U - a throwing net
Armour
 j - a scarf of resistance (worn)
 E - a +2 pair of gloves (worn)
 G - a scarf of cloud immunity
 W - a +2 cloak of fire resistance
 X - a +1 plate armour of poison resistance
 Y - a +0 troll leather armour (worn)
Jewellery
 u - an uncursed ring of wizardry
 x - an amulet of faith (around neck)
 z - a +2 ring of evasion (left hand)
 C - the ring of Zauxziogo {rPois Stlth+}
   (You acquired it on level 3 of the Lair of Beasts)

   [ring of stealth]

   It protects you from poison.
   It makes you more stealthy.
 N - a ring of positive energy (right hand)
Wands
 s - a wand of iceblast (0/15)
 w - a wand of lightning (6/15)
 D - a wand of confusion (21/48)
 I - a wand of paralysis (0/24)
 J - a wand of acid (4/15)
 Q - a wand of scattershot (0/9)
 R - a wand of lightning (4/15)
 V - a wand of flame (18/48)
Scrolls
 d - a scroll of fear {unknown}
 g - 6 scrolls of enchant weapon
 i - 5 scrolls of teleportation
 k - 3 scrolls of remove curse
 m - 2 scrolls of noise {unknown}
 p - 5 scrolls of immolation
 t - a scroll of blinking
 v - 4 scrolls of enchant armour {unknown}
Potions
 a - a potion of might
 c - a potion of resistance
 n - 3 potions of mutation
 q - 7 potions of curing
 r - a potion of cancellation
 A - 3 potions of flight
 B - 2 potions of degeneration
 L - 3 potions of berserk rage
 M - 5 potions of heal wounds
 P - a potion of lignification
 Z - 3 potions of haste
Comestibles
 b - 7 bread rations
 F - 2 meat rations
 O - 12 royal jellies


   Skills:
 + Level 8.2 Fighting
 - Level 1.7 Armour
 + Level 7.0 Dodging
 * Level 13.7 Unarmed Combat
 + Level 1.3 Spellcasting
 * Level 2.5 Transmutations
 + Level 14.0 Invocations


You had 8 spell levels left.
You knew the following spells:

 Your Spells              Type           Power        Failure   Level  Hunger
a - Blade Hands           Tmut           ##........   89%         5    ######.


Dungeon Overview and Level Annotations

Branches:
Dungeon (13/15)            Temple (0/1) D:4            Lair (6/6) D:8
 Spider (0/4) Lair:4          Orc (2/2) D:9             Elf (0/3) Orc:2
  Swamp: Lair:2-4    Shoals: Lair:2-4     Slime: Lair:5-6    Vaults: D:13-14

Altars:
Dithmenos
Fedhas
Gozag
Hepliaklqana
Kikubaaqudgha
Makhleb
Sif Muna
Uskayaw
Beogh

Shops:
D:7 [(   D:10 *   D:11 [   Orc:2 (%[

Annotations:
D:13 Frances
Orc:2 corrupted
Abyss:1 Psyche, Sonja


Innate Abilities, Weirdness & Mutations

You have hoof-like feet.
You may emit foul miasma when damaged in melee.
You regenerate a little health from kills.
You are immune to rotting.
Your movements are slightly less encumbered by armour. (ER -2)
You have a pair of small horns on your head.
Scrolls take you a little longer to read.
Your flesh is cold resistant. (rC+)
You are resistant to hostile enchantments. (MR+)
Your system is resistant to poisons. (rPois)
Your muscles are strong. (Str +2)


Message History

You hit the jelly but do no damage. The acid corrodes you!
Your hands burn!
You headbutt the jelly. You punch the jelly.
You kill the jelly!
Lugonu accepts your kill. The blink frog misses you. The blink frog hits you!!
* * * LOW HITPOINT WARNING * * *
The blink frog looks sick.
The blink frog blinks!
The blink frog closely misses you.
A dream sheep comes into view.
The blink frog blinks!
The dream sheep shake their wool and sparkle.
You feel drowsy...
You fall asleep.
The blink frog blinks!
The dream sheep bleats!
The blink frog blinks!
The dream sheep bites the fungus.
The dream sheep bites something but does no damage.
The dream sheep bites something.
The blink frog barely misses you. The dream sheep bites you!!
You die...

. P...#.. #P.. #+.
P.....
#...####.#####....
#........P##....#
#......<.P.....### #.
#................##...
#.....................
#.....F...........<...
#.....@.##......P.P...
#...##.#Y.F.......###..
.#.. ##ยง.##PP.....#.#
. #. #P.....P.....P...
#....P#P....(....
#....YYPP.........
##PP..Y..Y........
#P..##.YY..P##...
#..##......## .#


You could see 2 blink frogs and 5 dream sheep.

Vanquished Creatures
  Harold (D:12)
  Erolcha (Orc:2)
  Erica (D:12)
  An orc high priest (Orc:2)
  A gargoyle (Volcano)
  A spiny frog (Lair:2)
  Joseph (D:12)
  An efreet (Volcano)
  A tengu conjurer (D:11)
  A jumping spider (Lair:4)
  A queen bee (Lair:2)
  3 trolls
  A slime creature (D:12)
  2 hippogriffs
  6 yaks
  A wyvern (D:11)
  A shadow (D:12)
  A basilisk (D:12)
  3 fire bats (Orc:1)
  A warg (Orc:1)
  3 fire elementals (Volcano)
  A water moccasin (Lair:1)
  5 porcupines
  10 sky beasts
  3 black bears
  20 orc warriors
  2 ice beasts
  A phantom (D:7)
  8 ogres
  6 wolves (Lair:4)
  9 centaurs
  3 crocodiles
  A big kobold (D:12)
  12 bullfrogs
  A scorpion (D:9)
  25 killer bees (Lair:2)
  A howler monkey (D:11)
  A vampire bat (D:4)
  3 wights (D:9)
  4 crimson imps
  2 human zombies (Ossuary)
  2 jellies
  17 orc wizards
  5 hounds
  20 orc priests
  2 bullfrog skeletons
  2 centaur skeletons
  6 iguanas
  5 worker ants
  A big kobold zombie (Ossuary)
  A hound zombie (Ossuary)
  3 hound skeletons
  4 mummies (Ossuary)
  A worker ant zombie (D:6)
  3 gnolls
  13 adders
  A howler monkey skeleton (D:11)
  An adder skeleton (D:7)
  3 worms
  2 dart slugs
  3 leopard geckos
  74 orcs
  2 ball pythons
  3 bat skeletons (D:4)
  2 bat zombies (D:4)
  4 giant cockroaches
  9 goblins
  3 hobgoblins
  9 jackals
  5 quokkas
  A bat (D:1)
  3 frilled lizards
  2 gnoll zombies (Ossuary)
  A goblin zombie (Ossuary)
  2 hobgoblin zombies (Ossuary)
  8 kobolds
  2 kobold zombies (Ossuary)
  An orc zombie (Ossuary)
  3 rats
  A fungus (D:8)
381 creatures vanquished.

Vanquished Creatures (collateral kills)
  An ugly thing (D:11)
1 creature vanquished.

Vanquished Creatures (others)
  2 orc warlords
  A stone giant (Volcano)
  4 two-headed ogres
  4 orc high priests (Orc:2)
  An unseen horror (D:10)
  7 orc knights
  The ghost of Duffy the Covert, a novice SpEn of Kikubaaqudgha (D:8)
  A deep elf mage (D:12)
  3 cyclopes
  3 gargoyles
  2 hornets
  2 porcupines (D:8)
  31 orc warriors
  An ogre (D:6)
  A centaur (D:6)
  A big kobold (D:11)
  14 orc priests
  10 orcs (Orc:2)
  A kobold (D:12)
  15 fungi
  3 plants
  12 starspawn tentacles (Orc:2)
120 creatures vanquished.

Grand Total: 502 creatures vanquished

Notes
Turn   | Place    | Note
-------+----------+-------------------------------------------
     0 | Abyss:1  | 4thArraOfDagon the Demonspawn Abyssal Knight began the quest for the Orb.
     0 | Abyss:1  | Reached XP level 1. HP: 18/18 MP: 2/2
    66 | Abyss:1  | Noticed a wretched star
    67 | D:1      | Escaped the Abyss
   178 | D:2      | Found a blossoming altar of Fedhas.
   228 | D:2      | Reached skill level 1 in Dodging
   228 | D:2      | Gained mutation: You have large cloven feet. [demonic ancestry]
   228 | D:2      | Reached XP level 2. HP: 12/24 MP: 4/4
   352 | D:1      | Reached * piety under Lugonu
   765 | D:1      | Reached skill level 3 in Invocations
   765 | D:1      | Reached XP level 3. HP: 19/29 MP: 5/5
  1422 | D:3      | Reached XP level 4. HP: 30/35 MP: 6/6
  1459 | D:3      | Reached skill level 4 in Invocations
  1636 | D:3      | Found an opulent altar of Gozag.
  1698 | D:3      | Reached ** piety under Lugonu
  1738 | D:3      | Reached XP level 5. HP: 29/41 MP: 8/8
  1880 | D:3      | Found a shadowy altar of Dithmenos.
  2025 | D:4      | Reached skill level 5 in Invocations
  2042 | D:4      | Found an ancient bone altar of Kikubaaqudgha.
  2068 | D:4      | Gained mutation: You have hoof-like feet. [demonic ancestry]
  2068 | D:4      | Reached XP level 6. HP: 42/47 MP: 9/9
  2143 | D:4      | Found a staircase to the Ecumenical Temple.
  2288 | D:4      | Gained mutation: Your system is resistant to poisons. (rPois) [potion of mutation]
  2288 | D:4      | Gained mutation: You have a pair of small horns on your head. [potion of mutation]
  2288 | D:4      | Gained mutation: Your flesh is cold resistant. (rC+) [potion of mutation]
  2288 | D:4      | Gained mutation: Your muscles are strong. (Str +2) [potion of mutation]
  2292 | D:4      | Reached skill level 5 in Unarmed Combat
  2478 | D:5      | Entered Level 5 of the Dungeon
  2569 | D:5      | Noticed a sky beast
  2577 | D:5      | Killed a sky beast
  2577 | D:5      | Reached skill level 6 in Invocations
  2577 | D:5      | Reached XP level 7. HP: 28/52 MP: 11/11
  2584 | D:5      | Gained mutation: You are somewhat resistant to further mutation. [mutagenic meat]
  2586 | D:5      | Gained mutation: You are very dopey. (Int -4) [mutagenic meat]
  2657 | D:6      | Found a sand-covered staircase.
  2663 | Ossuary  | Entered an ossuary
  2743 | Ossuary  | Reached *** piety under Lugonu
  3176 | D:7      | Found a hide-covered altar of Uskayaw.
  3176 | D:7      | Found Maweh's Antique Weapon Boutique.
  3176 | D:7      | Noticed a dagger
  3176 | D:7      | Noticed a hand axe
  3332 | D:7      | Noticed a hornet
  3333 | D:7      | Banished a hornet
  3333 | D:7      | Reached skill level 7 in Invocations
  3429 | D:7      | Gained mutation: Your movements are slightly less encumbered by armour. (ER -2) [demonic ancestry]
  3429 | D:7      | Reached XP level 8. HP: 58/58 MP: 13/13
  3433 | D:7      | Got an encrusted whip
  3454 | D:7      | Identified the +10 whip "Luodete" {flame, rF+ Int-4 Dex+5} (You found it on level 7 of the Dungeon)
  3923 | D:5      | Reached skill level 8 in Invocations
  4283 | D:7      | Found Kemn's General Store.
  4332 | D:7      | Found a hazy altar of Hepliaklqana.
  4417 | D:7      | Reached skill level 9 in Invocations
  4437 | D:7      | Gained mutation: You are immune to rotting. [demonic ancestry]
  4437 | D:7      | Reached XP level 9. HP: 25/63 MP: 12/15
  4447 | D:7      | Found Xadoenet's Antique Armour Boutique.
  4666 | D:8      | Found a staircase to the Lair.
  4914 | D:8      | Noticed Duffy's ghost (novice SpEn)
  4914 | D:8      | Banished Duffy's ghost
  4914 | D:8      | Reached skill level 10 in Unarmed Combat
  4914 | D:8      | Reached skill level 10 in Invocations
  4944 | D:8      | Found a burning altar of Makhleb.
  5412 | D:9      | Gained mutation: You may emit foul miasma when damaged in melee. [demonic ancestry]
  5412 | D:9      | Reached XP level 10. HP: 70/70 MP: 14/18
  5439 | D:9      | Found a staircase to the Orcish Mines.
  5481 | D:9      | Got a fine rapier
  5580 | D:9      | Identified the +7 rapier of an ice cave {drain, Str+4 Dex-2} (You found it on level 9 of the Dungeon)
  5586 | D:9      | Found a deep blue altar of Sif Muna.
  5672 | D:9      | Noticed a two-headed ogre
  5673 | D:9      | Banished a two-headed ogre
  5749 | D:10     | Entered Level 10 of the Dungeon
  5759 | D:10     | Reached skill level 11 in Invocations
  5828 | D:10     | Banished an unseen horror
  5892 | D:10     | Found Tuwkapn's General Store.
  5912 | D:10     | Bought a potion of berserk rage for 70 gold pieces
  5912 | D:10     | Bought a scroll of immolation for 49 gold pieces
  6180 | D:10     | Noticed a two-headed ogre
  6183 | D:10     | Banished a two-headed ogre
  6183 | D:10     | Reached skill level 5 in Fighting
  6409 | D:11     | Found Plog's Antique Armour Shop.
  6478 | D:11     | Noticed a gargoyle
  6479 | D:11     | Reached **** piety under Lugonu
  6479 | D:11     | Banished a gargoyle
  6500 | D:11     | Noticed a white ugly thing
  6514 | D:11     | Killed a white ugly thing
  6534 | D:11     | Reached XP level 11. HP: 65/80 MP: 19/19
  6603 | D:11     | HP: 4/80 [cyclops/large rock (34)]
  6604 | D:11     | Reached skill level 12 in Invocations
  6614 | D:11     | Noticed Psyche
  6615 | D:11     | Banished Psyche
  6627 | D:11     | HP: 4/81 [centaur/shortbow (5)]
  6804 | D:11     | Gained mutation: You are resistant to hostile enchantments. (MR+) [mutagenic meat]
  6807 | D:11     | Lost mutation: You are somewhat resistant to further mutation. [mutagenic meat]
  6808 | D:11     | Gained mutation: Scrolls take you a little longer to read. [mutagenic meat]
  6809 | D:11     | Lost mutation: You are dopey. (Int -2) [mutagenic meat]
  7363 | D:12     | Noticed Sonja
  7364 | D:12     | Banished Sonja
  7365 | D:12     | Noticed a deep elf mage
  7366 | D:12     | Banished a deep elf mage
  7420 | D:12     | Learned a level 5 spell: Blade Hands
  7468 | D:13     | Noticed Frances
  7596 | D:12     | Reached skill level 5 in Dodging
  7686 | D:12     | Noticed Joseph
  7709 | D:12     | Killed Joseph
  7716 | D:12     | Noticed Erica
  7727 | D:12     | Noticed an orc knight
  7729 | D:12     | Banished an orc knight
  7738 | D:12     | Killed Erica
  7744 | D:12     | Noticed an orc knight
  7760 | D:12     | Banished an orc knight
  7900 | D:12     | Noticed Harold
  7929 | D:12     | Killed Harold
  8257 | Orc:1    | Entered Level 1 of the Orcish Mines
  8258 | Orc:1    | Noticed an orc warlord
  8275 | Orc:1    | Found a roughly hewn altar of Beogh.
  8284 | Orc:1    | Noticed a two-headed ogre
  8285 | Orc:1    | Banished a two-headed ogre
  8303 | Orc:1    | Reached skill level 13 in Invocations
  8471 | Orc:1    | Banished an orc warlord
  8471 | Orc:1    | Gained mutation: You regenerate a little health from kills. [demonic ancestry]
  8471 | Orc:1    | Reached XP level 12. HP: 27/91 MP: 21/21
  8694 | Orc:1    | Noticed a two-headed ogre
  8732 | Orc:1    | Banished a two-headed ogre
  8758 | Orc:1    | Found a dark tunnel.
  8768 | Volcano  | Entered a volcano
  9134 | Volcano  | Noticed a stone giant
  9149 | Volcano  | Banished a stone giant
  9400 | Orc:2    | Entered Level 2 of the Orcish Mines
  9412 | Orc:2    | Found a staircase to the Elven Halls.
  9630 | Orc:2    | Noticed an orc warlord
  9673 | Orc:2    | Banished an orc warlord
  9705 | Orc:2    | Noticed Erolcha
  9717 | Orc:2    | Killed Erolcha
  9831 | Orc:2    | Corrupted Orc:2
  9831 | Orc:2    | Noticed a reaper
  9831 | Orc:2    | Noticed a vampire mage
  9831 | Orc:2    | Noticed a tentacled starspawn
  9831 | Orc:2    | Noticed a starcursed mass
  9831 | Orc:2    | Noticed a starcursed mass
  9839 | Orc:2    | Noticed a bone dragon
  9850 | Orc:2    | Killed an orc high priest
  9888 | Orc:2    | Killed an orc high priest
  9889 | Orc:2    | Killed an orc high priest
  9891 | Orc:2    | Noticed a tentacled starspawn
  9895 | Orc:2    | Noticed a rakshasa
  9898 | Orc:2    | Noticed a starcursed mass
  9933 | Orc:2    | Killed an orc high priest
  9951 | Orc:2    | Noticed an orc high priest
 10093 | Orc:2    | Killed an orc high priest
 10175 | Orc:2    | Found Tose's Food Emporium.
 10175 | Orc:2    | Found Zohyublu's Armour Emporium.
 10176 | Orc:2    | Found Zid Xaru's Distillery.
 10176 | Orc:2    | Found Suript's Antique Weapon Shoppe.
 10190 | Orc:2    | Bought a potion of heal wounds for 75 gold pieces
 10190 | Orc:2    | Bought 2 potions of haste for 300 gold pieces
 10190 | Orc:2    | Bought a potion of heal wounds for 75 gold pieces
 10190 | Orc:2    | Bought 2 potions of heal wounds for 150 gold pieces
 10190 | Orc:2    | Bought a potion of heal wounds for 75 gold pieces
 10190 | Orc:2    | Bought a potion of flight for 45 gold pieces
 10190 | Orc:2    | Bought a potion of curing for 45 gold pieces
 10190 | Orc:2    | Bought a potion of flight for 45 gold pieces
 10338 | Lair:1   | Entered Level 1 of the Lair of Beasts
 10448 | Lair:2   | Reached skill level 1 in Transmutations
 10589 | Lair:2   | Reached skill level 1 in Spellcasting
 10682 | Lair:3   | Identified a scroll of acquirement
 10682 | Lair:3   | Got a flickering jade ring
 10684 | Lair:3   | Identified the ring of Zauxziogo {rPois Stlth+} (You acquired it on level 3 of the Lair of Beasts)
 10702 | Lair:3   | Reached skill level 14 in Invocations
 10819 | Lair:4   | Found a hole to the Spider Nest.
 10869 | Lair:6   | Entered Level 6 of the Lair of Beasts
 10905 | Lair:6   | Slain by a dream sheep

Vault maps used:
D:1:      scummos_arrival_star, nrook_mini_backslash
D:2:      nicolae_overflow_crystal_walls
D:3:      lemuel_doored_altar, nicolae_overflow_hidden_temple,
          minmay_stone_trees_small
D:4:      minmay_wonky_spiral, kennysheep_vampire_church,
          minmay_temple_entry_large_hall
D:5:      cheibrodos_helix_gallery, first_bread
D:6:      kennysheep_little_box, nicolae_ossuary_entry_ruins
D:7:      marbit_many_paths, dancing_weapons_uskayaw, serial_shops, shop, shop,
          shop, hangedman_decor_opposing
D:8:      kennysheep_mini, due_lair_maze_entry_diamond,
          hangedman_little_slice_of_home
D:9:      lemuel_crystal_altar, david_orc_3
D:10:     serial_shops, nicolae_shop_stone, st_stairs_11,
          minmay_item_behind_shaft
D:11:     serial_shops, nicolae_shop_stone, uniq_psyche
D:12:     sword_in_stone, uniq_sonja, uniq_maurice, uniq_harold
D:13:     david_vaults_2, uniq_frances
Lair:1:   cheibrodos_lair_lostbears
Lair:2:   special_room, uniq_gastronok
Lair:3:   elwin_shoals_entry_rooms
Lair:4:   spider_nest_entry_rubble
Lair:5:   beast_lair_carwin_large_1, lemuel_fruit_fields
Lair:6:   guppyfry_lair_end_dragon, wormcave, minmay_slime_entry_pillars,
          uniq_kirke
Orc:1:    nicolae_volcano_entry_batcave, mines1_david
Orc:2:    st_orc_pillars, uniq_erolcha
Ossuary:  ossuary_minmay_tomb_2a
Volcano:  volcano_pools

Skill      XL: |  1  2  3  4  5  6  7  8  9 10 11 12 |
---------------+-------------------------------------+-----
Dodging        | 1 4 5 7 |  7.0
Unarmed Combat | 2 3 4 5 7 9 10 11 12 13 | 13.7
Invocations    | 3 4 5 6 7 9 10 11 13 14 | 14.0
Fighting       | 5 7 8 |  8.2
Transmutations | 2 |  2.5
Spellcasting   | 1 |  1.3
Armour         | |  1.7

Action                   |  1- 3 |  4- 6 |  7- 9 | 10-12 || total
-------------------------+-------+-------+-------+-------++-------
Melee: Unarmed           |   113 |   177 |   112 |   811 ||  1213
       Kick              |    20 |    45 |    86 |   222 ||   373
       Punch             |       |     2 |    12 |    39 ||    53
       Headbutt          |       |     3 |    50 |   155 ||   208
       Whip              |       |       |   156 |    49 ||   205
Throw: Tomahawk          |     3 |       |     2 |       ||     5
Invok: Depart the Abyss  |     1 |       |       |       ||     1
       Banish            |       |       |    10 |    35 ||    45
       Corrupt           |       |       |       |     1 ||     1
Evoke: Wand              |       |     6 |     3 |    12 ||    21
       Sack of spiders   |       |       |       |     1 ||     1
  Use: Potion            |     1 |     1 |     4 |     5 ||    11
       Scroll            |       |     5 |     2 |    14 ||    21
 Stab: Confused          |       |       |       |     2 ||     2
       Paralysed         |       |       |       |     8 ||     8
  Eat: Royal jelly       |     1 |     3 |     1 |     4 ||     9
       Chunk             |       |     2 |     9 |    11 ||    22
       Fruit             |       |       |     8 |     2 ||    10
       Meat ration       |       |       |       |     4 ||     4
Armor: Leather armour    |    14 |       |       |       ||    14
       Ring mail         |    31 |    97 |    46 |    84 ||   258
       Troll leather arm |       |       |       |    50 ||    50
       Plate armour      |       |       |       |    43 ||    43
Dodge: Dodged            |    59 |   117 |   130 |   530 ||   836
